 Dungeon Crawl Stone Soup version 0.31.0-11-ge490571c62 (webtiles) character file.

Game seed: 13087157795470578438

2060 Bravepunisher the Nimble (level 9, -3/50 HPs)
             Began as a Spriggan Monk on Jan 25, 2024.
             Was an Elder of Makhleb.
             Slain by a hornet (12 damage)
             ... on level 7 of the Dungeon on Jan 26, 2024.
             The game lasted 00:21:55 (5760 turns).

Bravepunisher the Nimble (Spriggan Monk)            Turns: 5760, Time: 00:21:56

Health: -3/50      AC:  2    Str:  6 (7)  XL:     9   Next: 5%
Magic:  14/14      EV: 26    Int: 18 (20) God:    Makhleb [****..]
Gold:   350        SH:  0    Dex: 26 (27) Spells: 8/8 levels left

rFire   . . .        q - +9 hand axe of Corruption {elec, Int+2}
rCold   . . .        (no shield)
rNeg    . . .        b - +0 robe
rPois   .            (helmet restricted)
rElec   .            (no cloak)
rCorr   .            (gloves unavailable)
SInv    +            (boots unavailable)
Will    +....        d - amulet of the acrobat
Stlth   ++           e - +6 ring of dexterity
HPRegen 0.28/turn    f - +6 ring of intelligence
MPRegen 0.14/turn

%: acrobat
@: lethally poisoned (-3 -> -12), very quick
A: very small, no large weapons, unfitting armour, see invisible, speed 3
a: Renounce Religion, Minor Destruction, Lesser Servant of Makhleb, Major
Destruction


You were on level 7 of the Dungeon.
You worshipped Makhleb.
Makhleb was greatly pleased with you.
You visited 2 branches of the dungeon, and saw 8 of its levels.

You collected 350 gold pieces.

Inventory:

Hand Weapons
 q - the +9 hand axe of Corruption (weapon) {elec, Int+2}
   (You found it on level 4 of the Dungeon)

   Int+2:     It affects your intelligence (+2).
Armour
 b - a +0 robe (worn)
Jewellery
 d - an amulet of the acrobat (around neck)
 e - a +6 ring of dexterity (left hand)
 f - a +6 ring of intelligence (right hand)
 g - a ring of flight
Wands
 w - a wand of charming (6)
Scrolls
 a - a scroll of amnesia {unknown}
 i - 2 scrolls of teleportation {unknown}
 j - 4 scrolls of identify {unknown}
 k - a scroll of fog {unknown}
 n - 2 scrolls of revelation {unknown}
 o - 3 scrolls of immolation {unknown}
 t - a scroll of brand weapon {unknown}
 y - a scroll of noise {unknown}
Potions
 c - 2 potions of cancellation {unknown}
 h - a potion of brilliance {unknown}
 l - a potion of heal wounds
 m - 2 potions of mutation {unknown}
 p - 2 potions of degeneration
 r - a potion of attraction {unknown}
 s - a potion of resistance {unknown}
 u - 4 potions of curing {unknown}
 v - a potion of might {unknown}
 x - 2 potions of invisibility {unknown}


   Skills:
 * Level 7.4 Fighting
 - Level 3.2 Short Blades
 + Level 1.6 Axes
 + Level 8.7 Dodging
 + Level 5.4 Invocations


You had 8 spell levels left.
You didn't know any spells.
Your spell library contained the following spells:

 Spells                   Type           Power      Damage    Failure   Level
 Blink                    Tloc           0%         N/A       32%         2
 Lesser Beckoning         Tloc           0%         N/A       32%         2
 Momentum Strike          Conj/Tloc      0%         3d8       32%         2


Dungeon Overview and Level Annotations

Branches:
Dungeon (7/15)             Temple (1/1) D:6

Altars:
Ashenzari
Cheibriados
Dithmenos
Elyvilon
Fedhas
Gozag
Kikubaaqudgha
Makhleb
Nemelex Xobeh
Okawaru
Qazlal
Ru
Sif Muna
Uskayaw
Vehumet
Wu Jian
Xom
Yredelemnul
The Shining One

Shops:
D:5 [


Innate Abilities, Weirdness & Mutations

You are very small and have problems with some larger weapons.
You are too small for most types of armour.
You have supernaturally acute eyesight. (SInv)
You cover ground extremely quickly. (Speed+++)


Message History

The hornet is moderately wounded.
The hornet misses you. The hornet stings you.
You are poisoned.
You feel yourself slow down.
It was a potion of degeneration.
There was something very wrong with that liquid.
You feel weakened.
You feel dopey.
You feel clumsy.
You feel yourself speed up.
You feel very sick. The hornet completely misses you. The hornet stings you!
* * * LOW HITPOINT WARNING * * *
You are more poisoned.
You feel yourself slow down.
It was a potion of heal wounds.
You feel much better.
You feel yourself speed up.
You feel extremely sick.
The hornet closely misses you. x2; The hornet stings you!
* * * LOW HITPOINT WARNING * * *
You are more poisoned.
You feel yourself slow down.
You feel much better.
You feel extremely sick. The hornet barely misses you. The hornet misses you.
Unknown command.
Aiming: Minor Destruction (1% risk of failure)
Press: ? - help, Shift-Dir - straight line, f/p - hornet
Aim: a hornet (moderately wounded)
Okay, then.
You miss the hornet.
The hornet is moderately wounded.
You feel yourself speed up.
* * * LOW HITPOINT WARNING * * *
You feel extremely sick. The hornet barely misses you.
The hornet completely misses you.
You slash the hornet!
The hornet is heavily wounded.
* * * LOW HITPOINT WARNING * * *
You feel very sick. The hornet completely misses you. The hornet stings you!
You die...

#. .##.... #..# .......
##..# ....... #.# #...
....... #...# ##..# .....#
##....####...# ##.....##
#......#.....######........
...............@y.........
#............#####.......
#........##### .......
#.........## ..#....
#..........## .## #.. #
#......#....## .# .
###.....##.....###. .#
.##....####........ .#
)......## #[.......


You could see a hornet.

Vanquished Creatures
  Pikel (D:6)
  2 humans (D:7)
  A water moccasin (D:6)
  A black bear (D:7)
  2 ogres (D:5)
  A centaur (D:6)
  A phantom (D:6)
  A lemure (D:6)
  A kobold brigand (D:6)
  3 scorpions
  4 bombardier beetles
  A hound (D:7)
  A jelly (D:6)
  2 orc priests (D:3)
  Jessica (D:2)
  An iguana (D:6)
  2 orc wizards
  3 gnolls (D:3)
  4 adders
  A shadow imp (D:7)
  A white imp (D:6)
  2 ufetubi (D:6)
  5 ribbon worms
  4 dart slugs
  8 orcs
  8 ball pythons
  5 bats
  10 endoplasms
  6 giant cockroaches
  5 goblins
  9 hobgoblins
  9 jackals
  7 quokkas
  7 frilled lizards
  12 kobolds
  5 rats
137 creatures vanquished.

Notes
Turn   | Place    | Note
-------+----------+-------------------------------------------
     0 | D:1      | Bravepunisher the Spriggan Monk began the quest for the
                  | Orb.
     0 | D:1      | Reached XP level 1. HP: 11/11 MP: 2/2
   282 | D:4      | Noticed a bombardier beetle
   364 | D:3      | Reached XP level 2. HP: 16/16 MP: 3/3
   417 | D:4      | Noticed a bombardier beetle
   451 | D:5      | Entered Level 5 of the Dungeon
   471 | D:5      | Noticed a scorpion
   484 | D:5      | Noticed a scorpion
   492 | D:6      | Noticed a phantom
   550 | D:6      | Found a sacrificial altar of Ru.
   558 | D:6      | Noticed a lemure
   589 | D:6      | Noticed a scorpion
   609 | D:6      | Found a snail-covered altar of Cheibriados.
   635 | D:6      | Noticed a kobold brigand
   646 | D:6      | Found an ornate altar of the Wu Jian Council.
   670 | D:6      | Found a staircase to the Ecumenical Temple.
   674 | Temple   | Entered the Ecumenical Temple
   679 | Temple   | Became a worshipper of Makhleb the Destroyer
   679 | Temple   | Reached * piety under Makhleb
   679 | Temple   | Reached ** piety under Makhleb
  1094 | D:2      | Noticed Jessica
  1102 | D:2      | Reached XP level 3. HP: 19/20 MP: 4/4
  1127 | D:2      | Killed Jessica
  1128 | D:2      | Reached skill level 1 in Invocations
  1239 | D:2      | Reached XP level 4. HP: 9/24 MP: 5/5
  1571 | D:1      | Reached skill level 5 in Dodging
  1995 | D:1      | Reached *** piety under Makhleb
  2626 | D:3      | Reached XP level 5. HP: 19/29 MP: 7/7
  3000 | D:3      | HP: 1/29 [orc priest/+0 dagger (1)]
  3248 | D:4      | Reached XP level 6. HP: 33/34 MP: 8/8
  3259 | D:4      | Upgraded the game from 0.31.0-10-gcf4a605ca0 to
                  | 0.31.0-11-ge490571c62
  3341 | D:4      | Identified the +9 hand axe of Corruption {elec, Int+2}
  3597 | D:4      | Found a white marble altar of Elyvilon.
  3862 | D:5      | Reached skill level 6 in Dodging
  3893 | D:5      | Found Veguec's Antique Armour Shop.
  3990 | D:5      | Reached skill level 5 in Fighting
  4102 | D:5      | Reached XP level 7. HP: 39/39 MP: 10/10
  4337 | D:5      | Reached **** piety under Makhleb
  4889 | D:6      | Noticed Pikel
  4899 | D:6      | Killed Pikel
  4900 | D:6      | Reached skill level 7 in Dodging
  4900 | D:6      | Reached XP level 8. HP: 37/45 MP: 10/12
  5109 | D:6      | Reached skill level 8 in Dodging
  5226 | D:6      | Reached skill level 5 in Invocations
  5555 | D:7      | Reached skill level 1 in Axes
  5595 | D:7      | Found an iron altar of Okawaru.
  5611 | D:7      | Reached XP level 9. HP: 38/50 MP: 14/14
  5747 | D:7      | Paralysed by a hornet for 1 turns
  5760 | D:7      | Slain by a hornet

Illustrated notes

Levels and vault maps discovered:
D:1:      eino_arrival_cavern_a, layout_basic
D:2:      minmay_alternating_diamond, layout_loops_ring, uniq_jessica
D:3:      layout_basic, amcnicky_mini_rare_corridor_liquid, corner_web_ring,
          nrook_mini_vaults
D:4:      layout_basic, kennysheep_mini_moat
D:5:      layout_loops_corners, serial_shops, nicolae_shop_tiny_waterfront
D:6:      layout_gridville, mainiacjoe_overflow_six_doors_small,
          nicolae_ru_great_annihilating_truth, slow_altar_1,
          minmay_temple_entry_glassed_door, uniq_pikel
D:7:      layout_layer_cave, lemuel_crystal_altar, okawaru_humans,
          uniq_crazy_yiuf_cottage
Temple:   nicolae_temple_bog_church

Skill      XL: |  1  2  3  4  5  6  7  8 |
---------------+-------------------------+-----
Fighting       | 3 4 5 6 7 |  7.4
Invocations    | 1 2 3 4 5 |  5.4
Dodging        | 5 6 7 8 |  8.7
Axes           | 1 |  1.6
Short Blades   | |  3.2

Action                     |  1- 3 |  4- 6 |  7- 9 || total
---------------------------+-------+-------+-------++-------
  Melee: Short sword       |    66 |    15 |       ||    81
         Whip              |       |    16 |       ||    16
         Hand axe          |       |     7 |    60 ||    67
 Invoke: Minor Destruction |    38 |   152 |    63 ||   253
    Use: Potion            |     1 |       |     3 ||     4
   Stab: Sleeping          |     2 |       |       ||     2
         Distracted        |       |       |     1 ||     1
 Armour: Robe              |    26 |    18 |    15 ||    59
  Dodge: Dodged            |    82 |    52 |    86 ||   220
